Map: Simulacrum LE

Players

FLORENCIO - Winner!

  • Race: Terran Terran
  • League: Diamond
  • Spawn Location: 5:00

Deathwing

  • Race: Protoss Protoss
  • League: Platinum
  • Spawn Location: 11:00

VOD

Have the link to the VOD?

Description

Time

  • Played on: Dec. 15, 2019, 8:05 p.m.
  • Length: 10:20
Show
View Real Time Build Order
Export as new Build Order

FLORENCIO Terran - Winner!

Build Orders:  

Get SALT Encoding   

  12  0:01  SCV  
  13  0:13  SCV  
  14  0:25  SCV  
  14  0:27  Supply Depot  
  15  0:33  Refinery  
  15  0:49  SCV  
  16  0:51  Barracks  
  16  1:01  SCV  
  17  1:13  SCV  
  18  1:25  SCV  
  19  1:35  Refinery  
  20  1:41  Supply Depot  
  20  1:43  Orbital Command  
  20  1:47  Factory  
  19  2:21  Command Center  
  19  2:23  Marine  
  20  2:33  Factory Tech Lab  
  20  2:37  Bunker  
  20  2:41  Marine  
  21  2:50  SCV  
  22  2:57  Supply Depot  
  22  3:01  Supply Depot  
  22  3:10  Siege Tank  
  24  3:22  Engineering Bay  
  24  3:23  SCV  
  25  3:48  Siege Tank  
  28  3:53  SCV  
  29  3:56  Starport  
  29  3:59  SCV  
  30  4:05  SCV  
  31  4:11  SCV  
  32  4:17  SCV  
  33  4:28  Missile Turret  
  33  4:29  SCV  
  34  4:35  Fusion Core, Starport Tech Lab  
  34  4:39  Starport  
  34  4:41  SCV  
  34  4:44  Refinery  
  35  4:48  SCV  
  36  4:53  SCV, Marine  
  38  5:05  Planetary Fortress  
  38  5:07  Missile Turret  
  38  5:11  Marine  
  39  5:19  Starport Tech Lab  
  39  5:26  Battlecruiser  
  45  6:00  SCV  
  45  6:01  Refinery  
  45  6:03  Command Center  
  46  6:10  Factory  
  46  6:12  SCV  
  47  6:24  SCV  
  48  6:32  Battlecruiser  
  54  6:36  SCV  
  55  6:47  Neosteel Armor  
  55  6:49  SCV  
  56  7:01  SCV  
  57  7:05  Factory Tech Lab  
  57  7:13  SCV  
  58  7:16  SCV  
  59  7:25  SCV, Siege Tank  
  59  7:28  SCV  
  64  7:33  Supply Depot x2  
  64  7:34  Supply Depot  
  64  7:37  SCV  
  64  7:41  SCV  
  66  7:49  SCV  
  67  7:52  Battlecruiser  
  67  7:53  SCV  
  67  7:57  Siege Tank  
  77  8:01  SCV  
  78  8:29  Siege Tank  
  80  8:58  SCV  
  81  9:10  SCV  
  81  9:22  SCV  
  81  9:34  SCV  
  81  9:47  SCV  
Show
View Real Time Build Order
Export as new Build Order

Deathwing Protoss 

Build Orders:  

Get SALT Encoding   

  12  0:00  Probe (Chrono Boost)  
  13  0:10  Probe (Chrono Boost)  
  14  0:19  Pylon  
  14  0:21  Probe  
  15  0:37  Probe  
  15  0:40  Gateway  
  16  0:49  Probe, Assimilator  
  17  1:01  Probe  
  18  1:13  Probe  
  19  1:26  Probe  
  19  1:31  Cybernetics Core  
  20  1:35  Assimilator  
  20  1:38  Probe  
  21  1:50  Probe, Pylon  
  22  2:02  Probe  
  22  2:05  Adept (Chrono Boost)  
  22  2:08  Warp Gate  
  24  2:20  Pylon  
  24  2:26  Robotics Facility  
  24  2:28  Probe  
  25  2:31  Stalker  
  25  2:37  Pylon  
  27  2:40  Probe  
  28  2:49  Gateway  
  28  3:11  Immortal (Chrono Boost)  
  28  3:17  Probe  
  33  3:22  Gateway  
  33  3:29  Probe  
  34  3:42  Observer (Chrono Boost)  
  35  3:54  Observer  
  36  4:03  Stalker x2  
  40  4:16  Nexus  
  40  4:23  Stalker  
  42  4:30  Twilight Council  
  42  4:32  Pylon  
  42  4:39  Stalker  
  44  4:49  Immortal (Chrono Boost)  
  48  5:04  Blink (Chrono Boost)  
  48  5:25  Observer  
  48  5:28  Probe  
  49  5:29  Stalker x2  
  49  5:34  Probe  
  54  5:39  Assimilator  
  54  5:43  Pylon  
  54  5:46  Probe  
  55  5:56  Stalker x2  
  59  5:58  Probe (Chrono Boost)  
  60  6:09  Probe (Chrono Boost)  
  60  6:10  Probe (Chrono Boost)  
  62  6:14  Probe (Chrono Boost)  
  63  6:25  Probe x2  
  65  6:29  Stalker x3  
  71  6:37  Probe x2  
  73  6:49  Probe  
  74  6:56  Probe  
  74  7:01  Probe  
  76  7:08  Probe  
  76  7:12  Assimilator  
  76  7:13  Probe  
  78  7:20  Pylon  
  78  7:36  Nexus  
  78  7:38  Probe  
  78  7:41  Pylon  
  79  7:44  Stalker x3  
  79  7:51  Stargate  
  85  7:53  Stargate  
  79  8:20  Stalker  
  79  8:24  Pylon  
  81  8:46  Fleet Beacon  
  81  8:49  Stalker  
  81  8:52  Probe  
  83  9:04  Probe  
  83  9:05  Probe  
  83  9:08  Gateway  
  85  9:11  Gateway  
  85  9:12  Gateway  
  85  9:13  Gateway  
Tags
 
Add a new tag
Caveats
  • Supply blocks, unpowered buildings, or Contaminate may cause inaccurate times.
  • Supply counts are checked every 10 seconds.